BSA
KENILWORTH ACES @ EL DORADO OILERS
08/29/2030
 
TOP OF THE 1ST
Kenilworth Aces batting - Pitching for El Dorado Oilers : RHP Barton Johnson
Pitching: RHP Barton Johnson
Batting: LHB Barrett Waters 0-0: Foul Ball, location: 2F
0-1: Ball
1-1: Called Strike
1-2: Foul Ball, location: 2F
1-2: Ball
2-2: Foul Ball, location: 2F
2-2: Ball
3-2: Foul Ball, location: 2F
3-2: Strikes out swinging
Batting: RHB Luis Sánchez 0-0: Ball
1-0: Swinging Strike
1-1: Ball
2-1: Ball
3-1: Base on Balls
Batting: SHB Julián Madrid 0-0: Ball
1-0: Foul Ball, location: 2F
1-1: Foul Ball, location: 2F
1-2: Ball
Luis Sánchez steals 2nd base
2-2: Ball
3-2: Fly out, F4 (Popup, P)
Batting: LHB Roy Patrick 0-0: Ball
1-0: Ball
2-0: Ground out 4-3 (Groundball, 4MD)
Top of the 1st over - 0 runs, 0 hits, 0 errors, 1 left on base; Kenilworth 0 - El Dorado 0
BOTTOM OF THE 1ST
El Dorado Oilers batting - Pitching for Kenilworth Aces : RHP Erwin Entwistle
Pitching: RHP Erwin Entwistle
Batting: LHB Al Gaines 0-0: Called Strike
0-1: Called Strike
0-2: SINGLE (Groundball, 34D)
Batting: SHB Theron Harper 0-0: Called Strike
0-1: Ball
1-1: Called Strike
Al Gaines steals 2nd base
1-2: Ground out 5-3 (Groundball, 56)
Batting: RHB Ernesto Acosta 0-0: Ball
1-0: Ball
2-0: Ground out 6-3 (Groundball, 6)
Al Gaines to third
Batting: LHB José Hernández 0-0: Swinging Strike
0-1: Ball
1-1: Ground out 4-3 (Groundball, 34)
Bottom of the 1st over - 0 runs, 1 hit, 0 errors, 1 left on base; Kenilworth 0 - El Dorado 0
TOP OF THE 2ND
Kenilworth Aces batting - Pitching for El Dorado Oilers : RHP Barton Johnson
Batting: LHB Santiago Márquez 0-0: Called Strike
0-1: Foul Ball, location: 2F
0-2: Ball
1-2: Ball
2-2: Strikes out swinging
Batting: RHB Andrés Lara 0-0: Foul Ball, location: 2F
0-1: Foul Ball, location: 2F
0-2: Ball
1-2: SOLO HOME RUN (Flyball, 7D), Distance : 375 ft
Batting: RHB Jorge Jiménez 0-0: Ball
1-0: Ball
2-0: Ball
3-0: Foul Ball, location: 2F
3-1: Fly out, F9 (Flyball, 89M)
Batting: LHB Jim Jensen 0-0: Ball
1-0: Foul Ball, location: 2F
1-1: Ground out U3 (Groundball, 34)
Top of the 2nd over - 1 run, 1 hit, 0 errors, 0 left on base; Kenilworth 1 - El Dorado 0
BOTTOM OF THE 2ND
El Dorado Oilers batting - Pitching for Kenilworth Aces : RHP Erwin Entwistle
Batting: LHB Ashley Pickhills 0-0: Ball
1-0: Ball
2-0: Foul Ball, location: 2F
2-1: Ball
3-1: Called Strike
3-2: Foul Ball, location: 2F
3-2: Base on Balls
Batting: LHB Chris Miller 0-0: Ball
Wild Pitch!
Ashley Pickhills to second
1-0: Fly out, F1 (Line Drive, 13)
Batting: LHB Mathew Clayton 0-0: Called Strike
0-1: Swinging Strike
0-2: Ball
1-2: Strikes out swinging
Batting: SHB Orlando Aguilar 0-0: Called Strike
0-1: Ball
1-1: Ball
2-1: Swinging Strike
2-2: Ball
3-2: Base on Balls
Batting: RHB Vicente Carona 0-0: Called Strike
0-1: Ball
1-1: Foul Ball, location: 2F
1-2: Ball
2-2: Ball
3-2: Strikes out swinging, 2-3 out at first.
Bottom of the 2nd over - 0 runs, 0 hits, 0 errors, 2 left on base; Kenilworth 1 - El Dorado 0
TOP OF THE 3RD
Kenilworth Aces batting - Pitching for El Dorado Oilers : RHP Barton Johnson
Batting: RHB Wilbert Rodgers 0-0: Called Strike
0-1: Ball
1-1: Called Strike
1-2: Foul Ball, location: 2F
1-2: SINGLE (Flyball, 7S)
Batting: LHB Barrett Waters 0-0: Ball
1-0: Foul Ball, location: 2F
1-1: 2-RUN HOME RUN (Flyball, 9D), Distance : 385 ft
Batting: RHB Luis Sánchez 0-0: Ball
1-0: Swinging Strike
1-1: Foul Ball, location: 2F
1-2: DOUBLE (Flyball, 78D)
Batting: SHB Julián Madrid 0-0: Foul Ball, location: 2F
0-1: Fly out, F5 (Popup, 6S)
Batting: LHB Roy Patrick 0-0: Called Strike
0-1: Called Strike
0-2: Ball
1-2: SINGLE (Line Drive, 6MD)
Luis Sánchez to third
Runner from 3rd tries for Home, SAFE, no throw
Batting: LHB Santiago Márquez 0-0: Ball
Roy Patrick steals 2nd base
1-0: Ball
2-0: Fly out, F5 (Line Drive, 5)
Batting: RHB Andrés Lara 0-0: Fly out, F7 (Flyball, 78M)
Top of the 3rd over - 3 runs, 4 hits, 0 errors, 1 left on base; Kenilworth 4 - El Dorado 0
BOTTOM OF THE 3RD
El Dorado Oilers batting - Pitching for Kenilworth Aces : RHP Erwin Entwistle
Batting: LHB Al Gaines 0-0: Ball
1-0: Called Strike
1-1: Ground out 1-3 (Groundball, 13)
Batting: SHB Theron Harper 0-0: Called Strike
0-1: Called Strike
0-2: Foul Ball, location: 2F
0-2: Foul Ball, location: 2F
0-2: Ball
1-2: Ball
2-2: SINGLE (Groundball, 56D)
Batting: RHB Ernesto Acosta 0-0: Called Strike
0-1: Ball
1-1: Grounds into double play, 6-4-3 (Groundball, 6)
Bottom of the 3rd over - 0 runs, 1 hit, 0 errors, 0 left on base; Kenilworth 4 - El Dorado 0
TOP OF THE 4TH
Kenilworth Aces batting - Pitching for El Dorado Oilers : RHP Barton Johnson
Batting: RHB Jorge Jiménez 0-0: Called Strike
0-1: Foul Ball, location: 2F
0-2: Ball
1-2: Foul Ball, location: 2F
1-2: Ground out 4-3 (Groundball, 4)
Batting: LHB Jim Jensen 0-0: Ball
1-0: Foul Ball, location: 2F
1-1: Foul Ball, location: 2F
1-2: Ball
2-2: Ground out 6-3 (Groundball, 6MS)
Batting: RHB Wilbert Rodgers 0-0: Called Strike
0-1: Fly out, F7 (Flyball, 7LSF)
Top of the 4th over - 0 runs, 0 hits, 0 errors, 0 left on base; Kenilworth 4 - El Dorado 0
BOTTOM OF THE 4TH
El Dorado Oilers batting - Pitching for Kenilworth Aces : RHP Erwin Entwistle
Batting: LHB José Hernández 0-0: Ground out U3 (Groundball, 3S)
Batting: LHB Ashley Pickhills 0-0: Called Strike
0-1: Ground out 1-3 (Groundball, 13S)
Batting: LHB Chris Miller 0-0: Ball
1-0: Foul Ball, location: 2F
1-1: Ball
2-1: Called Strike
2-2: Ground out U3 (Groundball, 3)
Bottom of the 4th over - 0 runs, 0 hits, 0 errors, 0 left on base; Kenilworth 4 - El Dorado 0
TOP OF THE 5TH
Kenilworth Aces batting - Pitching for El Dorado Oilers : RHP Barton Johnson
Batting: LHB Barrett Waters 0-0: Ball
1-0: Foul Ball, location: 2F
1-1: Ground out 5-3 (Groundball, 56)
Batting: RHB Luis Sánchez 0-0: Called Strike
0-1: Foul Ball, location: 2F
0-2: Ball
1-2: Foul Ball, location: 2F
1-2: Ball
2-2: Foul Ball, location: 2F
2-2: Ball
3-2: Ground out 6-3 (Groundball, 6)
Batting: SHB Julián Madrid 0-0: Foul Ball, location: 2F
0-1: SINGLE (Line Drive, 8LS)
Batting: LHB Roy Patrick 0-0: Ground out 1-3 (Groundball, 13S)
Top of the 5th over - 0 runs, 1 hit, 0 errors, 1 left on base; Kenilworth 4 - El Dorado 0
BOTTOM OF THE 5TH
El Dorado Oilers batting - Pitching for Kenilworth Aces : RHP Erwin Entwistle
Batting: LHB Mathew Clayton 0-0: Ball
1-0: Foul Ball, location: 2F
1-1: Ball
2-1: Foul Ball, location: 2F
2-2: Ball
3-2: Base on Balls
Batting: SHB Orlando Aguilar 0-0: Ball
1-0: Ball
2-0: Swinging Strike
2-1: Foul Ball, location: 2F
2-2: Foul Ball, location: 2F
2-2: Grounds into double play, 4-6-3 (Groundball, 4)
Batting: RHB Vicente Carona 0-0: Ball
1-0: Ball
2-0: Ball
3-0: Called Strike
3-1: Base on Balls
Batting: LHB Al Gaines 0-0: Ball
1-0: Fly out, F8 (Flyball, 8LXD)
Bottom of the 5th over - 0 runs, 0 hits, 0 errors, 1 left on base; Kenilworth 4 - El Dorado 0
TOP OF THE 6TH
Kenilworth Aces batting - Pitching for El Dorado Oilers : RHP Barton Johnson
Batting: LHB Santiago Márquez 0-0: Called Strike
0-1: Foul Ball, location: 2F
0-2: Foul Ball, location: 2F
0-2: Ground out 4-3 (Groundball, 4)
Batting: RHB Andrés Lara 0-0: Fly out, F7 (Flyball, 7S)
Batting: RHB Jorge Jiménez 0-0: Swinging Strike
0-1: Swinging Strike
0-2: Ball
1-2: Ball
2-2: Strikes out looking
Top of the 6th over - 0 runs, 0 hits, 0 errors, 0 left on base; Kenilworth 4 - El Dorado 0
BOTTOM OF THE 6TH
El Dorado Oilers batting - Pitching for Kenilworth Aces : RHP Erwin Entwistle
Batting: SHB Theron Harper 0-0: Called Strike
0-1: Ball
1-1: Called Strike
1-2: Ball
2-2: Ball
3-2: SOLO HOME RUN (Flyball, 89XD), Distance : 390 ft
Batting: RHB Ernesto Acosta 0-0: Called Strike
0-1: Called Strike
0-2: Ball
1-2: Fly out, F6 (Line Drive, 56D)
Batting: LHB José Hernández 0-0: Ball
1-0: SINGLE (Line Drive, 9S)
Batting: LHB Ashley Pickhills 0-0: Foul Ball, location: 2F
0-1: Foul Ball, location: 2F
0-2: Fly out, F8 (Flyball, 8RM)
Lined into DP, 8-3 (Flyball, 8RM)
Bottom of the 6th over - 1 run, 2 hits, 0 errors, 0 left on base; Kenilworth 4 - El Dorado 1
TOP OF THE 7TH
Kenilworth Aces batting - Pitching for El Dorado Oilers : RHP Barton Johnson
Batting: LHB Jim Jensen 0-0: Ball
1-0: SINGLE (Flyball, 78M)
Pitching: LHP Jeremy Meyer
Batting: RHB Wilbert Rodgers 0-0: Called Strike
0-1: Swinging Strike
0-2: 2-RUN HOME RUN (Flyball, 78XD), Distance : 384 ft
Batting: LHB Barrett Waters 0-0: Foul Ball, location: 2F
0-1: Called Strike
0-2: Ground out U3 (Groundball, 34)
Batting: RHB Luis Sánchez 0-0: Ball
1-0: Ball
2-0: Ball
3-0: Base on Balls
Batting: SHB Julián Madrid 0-0: Foul Ball, location: 2F
0-1: Foul Ball, location: 2F
0-2: Ball
1-2: Ball
2-2: Strikes out swinging
Batting: LHB Roy Patrick 0-0: Ball
1-0: Swinging Strike
1-1: Swinging Strike
1-2: Strikes out swinging
Top of the 7th over - 2 runs, 2 hits, 0 errors, 1 left on base; Kenilworth 6 - El Dorado 1
BOTTOM OF THE 7TH
El Dorado Oilers batting - Pitching for Kenilworth Aces : RHP Erwin Entwistle
Batting: LHB Chris Miller 0-0: Ball
1-0: Foul Ball, location: 2F
1-1: Ball
2-1: SINGLE (Line Drive, 7S)
Batting: LHB Mathew Clayton 0-0: Swinging Strike
0-1: Ball
1-1: Foul Ball, location: 2F
1-2: Strikes out swinging
Batting: SHB Orlando Aguilar 0-0: Called Strike
0-1: Grounds into double play, 5-4-3 (Groundball, 5)
Bottom of the 7th over - 0 runs, 1 hit, 0 errors, 0 left on base; Kenilworth 6 - El Dorado 1
TOP OF THE 8TH
Kenilworth Aces batting - Pitching for El Dorado Oilers : LHP Jeremy Meyer
Batting: LHB Santiago Márquez 0-0: Ball
1-0: SINGLE (Groundball, 4D)
Batting: RHB Andrés Lara 0-0: Called Strike
0-1: Foul Ball, location: 2F
0-2: SINGLE (Flyball, 56D)
Santiago Márquez to second
Batting: RHB Jorge Jiménez 0-0: Foul Ball, location: 2F
0-1: Sac Bunt - play at first, batter OUT! 1-3
Santiago Márquez to third
Andrés Lara to second
Batting: LHB Jim Jensen 0-0: Ball
1-0: Ball
2-0: Called Strike
2-1: SINGLE (Flyball, 78S)
Santiago Márquez scores
Andrés Lara to third
Runner from 3rd tries for Home, SAFE, no throw
Batting: RHB Wilbert Rodgers 0-0: Ball
1-0: Called Strike
1-1: Fly out, F7 (Flyball, 7LS)
Batting: LHB Barrett Waters 0-0: Called Strike
0-1: Ball
1-1: Foul Ball, location: 2F
1-2: Ground out U3 (Groundball, 34)
Top of the 8th over - 2 runs, 3 hits, 0 errors, 1 left on base; Kenilworth 8 - El Dorado 1
BOTTOM OF THE 8TH
El Dorado Oilers batting - Pitching for Kenilworth Aces : RHP Erwin Entwistle
Batting: RHB Vicente Carona 0-0: Fly out, F8 (Flyball, 78D)
Batting: LHB Al Gaines 0-0: SINGLE (Groundball, 25) (infield hit)
Batting: SHB Theron Harper 0-0: Called Strike
0-1: Ball
1-1: Grounds into double play, 4-6-3 (Groundball, 4M)
Bottom of the 8th over - 0 runs, 1 hit, 0 errors, 0 left on base; Kenilworth 8 - El Dorado 1
TOP OF THE 9TH
Kenilworth Aces batting - Pitching for El Dorado Oilers : LHP Jeremy Meyer
Batting: RHB Luis Sánchez 0-0: Ball
1-0: Ground out 6-3 (Groundball, 6)
Batting: SHB Julián Madrid 0-0: Foul Ball, location: 2F
0-1: Ball
1-1: Ball
2-1: Ball
3-1: SINGLE (Groundball, 6D)
Batting: LHB Roy Patrick 0-0: Ball
1-0: Called Strike
1-1: Swinging Strike
1-2: Strikes out swinging
Batting: LHB Santiago Márquez 0-0: Foul Ball, location: 2F
0-1: Ball
1-1: Called Strike
1-2: Foul Ball, location: 2F
1-2: Ball
2-2: Foul Ball, location: 2F
2-2: Ball
3-2: Foul Ball, location: 2F
3-2: Foul Ball, location: 2F
3-2: Fly out, F4 (Popup, 34D)
Top of the 9th over - 0 runs, 1 hit, 0 errors, 1 left on base; Kenilworth 8 - El Dorado 1
BOTTOM OF THE 9TH
El Dorado Oilers batting - Pitching for Kenilworth Aces : RHP Erwin Entwistle
Now at 1B: José Sánchez
Batting: RHB Ernesto Acosta 0-0: Foul Ball, location: 2F
0-1: Foul Ball, location: 2F
0-2: Ball
1-2: Strikes out swinging
Batting: LHB José Hernández 0-0: Swinging Strike
0-1: Called Strike
0-2: Ball
1-2: Ball
2-2: Foul Ball, location: 2F
2-2: Fly out, F3 (Popup, 3SF)
Batting: LHB Ashley Pickhills 0-0: Ball
1-0: Foul Ball, location: 2F
1-1: Ball
2-1: Foul Ball, location: 2F
2-2: Ground out 6-3 (Groundball, 6M)
Bottom of the 9th over - 0 runs, 0 hits, 0 errors, 0 left on base; Kenilworth 8 - El Dorado 1
Saturday, April 7th, 2018 - OOTP Baseball 18.8 Build 76